Map: Ley Lines

Players

kitune

  • Race: Zerg Zerg
  • Spawn Location: 1:00

Takakura - Winner!

  • Race: Protoss Protoss
  • Spawn Location: 7:00

VOD

Have the link to the VOD?

Description

Time

  • Played on: May 9, 2025, 12:46 p.m.
  • Length: 6:25
Show
View Real Time Build Order
Export as new Build Order

kitune Zerg 

Build Orders: Hatch First 

Get SALT Encoding   

  12  0:01  Drone  
  13  0:15  Overlord  
  13  0:21  Drone  
  14  0:33  Drone  
  14  0:34  Drone  
  16  0:38  Drone  
  17  0:57  Hatchery, Drone  
  18  0:59  Extractor  
  16  1:17  Spawning Pool  
  16  1:18  Drone  
  16  1:22  Drone  
  16  1:23  Drone  
  18  1:34  Drone  
  19  2:04  Zergling x6  
  22  2:10  Queen  
  24  2:18  Queen  
  24  2:22  Metabolic Boost  
  26  2:26  Drone  
  26  2:29  Drone  
  28  2:36  Overlord  
  28  2:43  Overlord  
  27  2:53  Overlord  
  27  2:55  Drone x2  
  31  3:08  Lair  
  31  3:10  Drone  
  31  3:11  Drone x4  
  34  3:17  Extractor, Drone  
  34  3:23  Drone x3  
  37  3:29  Drone x2  
  39  3:35  Drone  
  39  3:36  Drone x2  
  42  3:41  Drone  
  42  3:47  Overlord  
  43  3:53  Extractor, Drone x3  
  43  3:54  Drone  
  46  3:58  Extractor  
  45  4:06  Drone  
  45  4:07  Drone x2  
  48  4:11  Spire  
  48  4:13  Overlord  
  47  4:25  Spore Crawler  
  47  4:26  Spore Crawler  
  47  4:28  Overseer  
  47  4:29  Overseer  
  45  4:36  Drone x3  
  48  4:41  Drone x2  
  50  4:48  Queen  
  52  4:55  Hatchery  
  52  4:57  Zergling x12  
  57  5:04  Drone  
  57  5:06  Zergling x6  
  61  5:10  Overlord  
  61  5:23  Corruptor  
  61  5:24  Corruptor x2  
  67  5:32  Zergling x2  
  67  5:33  Zergling x4  
  67  5:49  Zergling x2  
  65  5:50  Zergling x12  
  67  5:58  Zergling x2  
  67  6:03  Zergling x2  
  65  6:04  Zergling x2  
Show
View Real Time Build Order
Export as new Build Order

Takakura Protoss - Winner!

Build Orders: 1 Gate Expand, Blink Stalkers 

Get SALT Encoding   

  12  0:00  Probe  
  13  0:12  Probe  
  14  0:20  Pylon  
  14  0:24  Probe  
  15  0:38  Probe  
  15  0:42  Gateway  
  16  0:50  Probe  
  17  1:12  Nexus  
  17  1:17  Assimilator  
  17  1:20  Probe  
  18  1:32  Cybernetics Core  
  18  1:35  Probe  
  19  1:44  Assimilator  
  19  1:47  Pylon  
  19  1:51  Probe  
  20  2:00  Adept  
  20  2:03  Probe  
  21  2:09  Warp Gate  
  24  2:15  Probe  
  24  2:25  Probe  
  24  2:27  Stalker, Probe  
  28  2:37  Probe  
  28  2:40  Twilight Council  
  28  2:44  Probe  
  30  2:50  Probe  
  31  2:54  Stalker  
  31  2:56  Probe  
  31  2:58  Probe  
  34  2:59  Blink  
  35  3:05  Pylon  
  35  3:08  Probe  
  35  3:09  Probe  
  37  3:21  Probe x2  
  37  3:26  Stalker  
  39  3:33  Probe x2  
  43  3:37  Gateway  
  43  3:41  Pylon  
  43  3:46  Probe  
  43  3:48  Probe  
  45  3:53  Gateway  
  45  3:57  Gateway  
  45  4:05  Pylon  
  45  4:08  Stalker  
  47  4:14  Gateway  
  47  4:29  Nexus  
  47  4:32  Pylon  
  47  4:33  Stalker  
  49  4:40  Stalker  
  51  4:49  Stalker  
  51  4:51  Gateway  
  53  4:57  Stalker  
  53  4:58  Pylon  
  55  5:01  Stalker  
  55  5:03  Probe x2  
  59  5:12  Pylon, Stalker  
  61  5:16  Stalker  
  61  5:20  Stalker  
  65  5:28  Stalker x2  
  69  5:33  Probe  
  69  5:34  Probe  
  71  5:43  Stalker x2  
  71  5:44  Probe  
  71  5:46  Probe  
  75  5:50  Stalker  
  75  5:54  Stalker  
  75  5:55  Probe  
  80  5:59  Probe x2  
  80  6:03  Pylon  
  82  6:05  Stalker  
  82  6:07  Probe  
  85  6:15  Stalker x2  
  85  6:18  Assimilator  
  90  6:22  Stalker  
Tags
 
Add a new tag
Caveats
  • Supply blocks, unpowered buildings, or Contaminate may cause inaccurate times.
  • Supply counts are checked every 10 seconds.